 Dungeon Crawl Stone Soup version 0.31-a0-152-g6aa68a64a1 (webtiles) character file.

Game seed: 17756579508398451025

33 qw the Shooter (level 3, -8/31 HPs)
             Began as a Minotaur Hunter on June 9, 2023.
             Mangled by Sigmund
             ... wielding a +0 scythe
              (11 damage)
             ... on level 2 of the Dungeon.
             The game lasted 00:00:25 (1254 turns).

qw the Shooter (Minotaur Hunter)                    Turns: 1254, Time: 00:00:26

Health: -8/31      AC:  5    Str: 15    XL:     3   Next: 12%
Magic:  2/2        EV: 11    Int:  6    God:
Gold:   106        SH:  0    Dex: 15    Spells: 2/2 levels left

rFire   . . .        Y - +0 shortbow
rCold   . . .        (shield currently unavailable)
rNeg    . . .        d - +0 ring mail
rPois   .            (helmet restricted)
rElec   .            (no cloak)
rCorr   .            (no gloves)
SInv    .            (no boots)
Will    .....        (no amulet) Stlth
                     (no ring)
HPRegen 0.25/turn    (no ring)
MPRegen 0.08/turn

%: no passive effects
@: confused
A: horns 2, retaliatory headbutt
a: no special abilities


You were on level 2 of the Dungeon.
You visited 1 branch of the dungeon, and saw 2 of its levels.

You collected 106 gold pieces.


Innate Abilities, Weirdness & Mutations

You have a pair of horns on your head.
You reflexively headbutt those who attack you in melee.


   Skills:
 - Level 3.0 Fighting
 + Level 5.1 Ranged Weapons
 - Level 1.0 Armour
 - Level 2.1 Dodging
 - Level 0.7 Stealth


You had 2 spell levels left.
You didn't know any spells.
Your spell library was empty.

Inventory:

Hand Weapons
 Y - a +0 shortbow (weapon)
Armour
 d - a +0 ring mail (worn)
Jewellery
 e - a ring of magical power
Scrolls
 c - a scroll of poison {unknown}
Potions
 a - a potion of magic {unknown}
 b - 2 potions of curing {unknown}

Dungeon Overview and Level Annotations

Branches:
Dungeon (2/15)

Altars:

Annotations:
D:2 Sigmund


Message History

Enter note:
Enter note:
Enter note:
Enter note:
Enter note:
Enter note:
Enter note:
1237 ||| FLEEEEING.
Sigmund casts a spell.
Sigmund flickers and vanishes!
Deactivating autopickup; reactivate with Ctrl-A.
You shoot an arrow. You shoot an arrow.
A puff of flame appears from out of thin air!
The puff of flame hits you!
A puff of flame appears from out of thin air!
The puff of flame hits you!
Something tries to affect you, but you resist.
Enter note:
Enter note:
Enter note:
Enter note:
Enter note:
Enter note:
Enter note:
Enter note:
Enter note: You shoot an arrow.
You shoot an arrow. You shoot an arrow.
You are confused.
You shoot an arrow. You shoot an arrow. You shoot an arrow. Something hits you.
You shoot an arrow. Something hits you!
You shoot an arrow. Something hits you!
You die...

#...........##....# #.##### #.#
#............#....###.####. ..
###.......#.......#........ #.#
#........#................ #..
#.........................
#.##.........................
#........)...................
##............##.............
#..>.......@###.............
##..........# #.....{.......
##..........##..............
#........%..#.......##....##
#)#.................###...##
####.#.................# ###...
#....##.........###.#####.....)
###..)....##......# #. #.....$
..#..####.# ... . #......


There were no monsters in sight!

Vanquished Creatures
  A ball python (D:2)
  3 bats (D:1)
  3 endoplasms (D:1)
  2 giant cockroaches (D:1)
  4 goblins
  6 hobgoblins
  2 quokkas
  3 kobolds
  4 rats
28 creatures vanquished.

Notes
Turn   | Place    | Note
-------+----------+-------------------------------------------
     0 | D:1      | qw the Minotaur Hunter began the quest for the Orb.
     0 | D:1      | Reached XP level 1. HP: 18/18 MP: 0/0
     0 | D:1      | 0 ||| qw: Version: 0.2-a-122-gbc61b45
     0 | D:1      | 0 ||| qw: Game counter: 3367
     0 | D:1      | 0 ||| qw: Always use a shield: true
     0 | D:1      | 0 ||| qw: God list: Okawaru
     0 | D:1      | 0 ||| qw: Allow faded altars: false
     0 | D:1      | 0 ||| qw: Do Orc after D:15 true
     0 | D:1      | 0 ||| qw: Do second Lair branch before Depths: true
     0 | D:1      | 0 ||| qw: Lair rune preference: random
     0 | D:1      | 0 ||| qw: Plans: Normal
     0 | D:1      | 0 ||| PLANNING D:1-11
   172 | D:1      | Reached XP level 2. HP: 25/25 MP: 1/1
   321 | D:1      | Reached skill level 5 in Ranged Weapons
   518 | D:1      | Found a faded altar of an unknown god.
   524 | D:1      | Reached skill level 3 in Fighting
   903 | D:1      | 903 ||| UPGRADING to +0 ring mail.
   913 | D:1      | 913 ||| DROPPING +0 leather armour.
   914 | D:1      | 914 ||| READING scroll labelled BUAREOH ZEOHYS.
   915 | D:1      | 915 ||| READING scroll labelled TEEFFI XU PARA.
   916 | D:1      | 916 ||| READING scroll labelled NOVO ASUHIU.
   920 | D:1      | 920 ||| READING scroll labelled ANIEHU QINUCA.
   921 | D:1      | 921 ||| DROPPING scroll of butterflies.
   993 | D:2      | Reached skill level 1 in Armour
   995 | D:2      | Reached XP level 3. HP: 30/31 MP: 2/2
  1228 | D:2      | Noticed Sigmund
  1231 | D:2      | 1231 ||| FLEEEEING.
  1232 | D:2      | 1232 ||| FLEEEEING.
  1233 | D:2      | 1233 ||| FLEEEEING.
  1234 | D:2      | 1234 ||| FLEEEEING.
  1235 | D:2      | 1235 ||| FLEEEEING.
  1237 | D:2      | 1237 ||| FLEEEEING.
  1253 | D:2      | HP: 2/31 [something (9)]
  1254 | D:2      | Mangled by Sigmund

Levels and vault maps discovered:
D:1:      minmay_arrival_plants_in_alcoves, layout_loops_corners,
          hellmonk_ecumenical_altar_zigzags
D:2:      layout_rooms, roderic_roman_lattice, uniq_sigmund

Skill      XL: |  1  2 |
---------------+-------+-----
Ranged Weapons | 5 |  5.1
Fighting       | 3 |  3.0
Armour         | 1 |  1.0
Dodging        | |  2.1
Stealth        | |  0.7

Action                     || total
---------------------------++-------
   Fire: Shortbow          ||    89
    Use: Scroll            ||     4
 Armour: Leather armour    ||     3
         Ring mail         ||     1
  Dodge: Dodged            ||     9

Table legend:
 A = Non-vault XP
 B = Vault XP
 C = Vault XP percentage of total XP
 D = Non-vault monster count
 E = Vault monster count
 F = Vault count percentage of total count
                 A         B        C        D         E       F
            +---------+---------+-------+---------+---------+-------
      Total |      48 |       0 |   0.0 |      28 |       0 |   0.0
            +---------+---------+-------+---------+---------+-------
        D:1 |      32 |       0 |   0.0 |      19 |       0 |   0.0
        D:2 |      16 |       0 |   0.0 |       9 |       0 |   0.0
            +---------+---------+-------+---------+---------+-------
